 Dungeon Crawl Stone Soup version 0.26.0-45-g9c1d065592 (webtiles) character file.

Game seed: 4642967185645114926

76 Gadfly the Poker (level 4, -2/39 HPs)
             Began as a Hill Orc Monk on Jan 29, 2021.
             Slain by a killer bee (7 damage)
             ... on level 4 of the Dungeon.
             The game lasted 00:03:34 (1894 turns).

Gadfly the Poker (Hill Orc Monk)                    Turns: 1894, Time: 00:03:35

Health: -2/39      AC:  7    Str: 14    XL:     4   Next: 32%
Magic:  5/5        EV: 11    Int: 10    God:
Gold:   128        SH:  0    Dex: 13    Spells: 3/3 levels left

rFire    . . .     SeeInvis .   a - +1 spear
rCold    . . .     Faith    .   (no shield)
rNeg     . . .     Spirit   .   d - +1 ring mail
rPois    .         Reflect  .   (no helmet)
rElec    .         Harm     .   (no cloak)
rCorr    .         Rampage  .   (no gloves)
Will     +....                  b - +0 pair of boots
Stlth    +.........             g - amulet of regeneration
HPRegen  0.53/turn              p - ring of willpower
MPRegen  0.09/turn              (no ring)

@: lethally poisoned (-2 -> -3)
A: no striking features
a: no special abilities


You were on level 4 of the Dungeon.
You visited 1 branch of the dungeon, and saw 4 of its levels.

You collected 128 gold pieces.

Inventory:

Hand Weapons
 a - a +1 spear (weapon)
Armour
 b - a +0 pair of boots (worn)
 d - a +1 ring mail (worn)
Jewellery
 g - an amulet of regeneration (around neck)
 l - an uncursed amulet of faith
 p - a ring of willpower (left hand)
Wands
 m - a wand of paralysis (11)
Scrolls
 e - a scroll of teleportation
 f - 2 scrolls of remove curse
 j - a scroll of enchant armour
Potions
 c - 2 potions of curing
 h - 2 potions of lignification
 i - a potion of heal wounds
 k - a potion of flight
 o - a potion of haste {unknown}


   Skills:
 - Level 3.6 Fighting
 + Level 3.7 Polearms
 * Level 1.9 Armour
 - Level 2.4 Dodging
 - Level 1.5 Stealth
 * Level 2.3 Invocations
 * Level 2.0 Evocations


You had 3 spell levels left.
You didn't know any spells.
Your spell library contained the following spells:

 Spells                   Type           Power        Failure   Level
 Magic Dart               Conj           0%           58%         1
 Searing Ray              Conj           0%           75%         2
 Dazzling Flash           Conj/Hex       0%           92%         3
 Fulminant Prism          Conj/Hex       0%           100%        4
 Iskenderun's Mystic Bla  Conj/Tloc      0%           100%        4


Dungeon Overview and Level Annotations

Branches:
Dungeon (4/15)
 Temple: D:4-7

Altars:
Gozag
Ru
Sif Muna
Uskayaw
The Shining One

Annotations:
D:4 Sigmund


Message History

* * * LOW HITPOINT WARNING * * *
You are too injured to fight recklessly!
You are too injured to fight recklessly!
You are too injured to fight recklessly!
You are too injured to fight recklessly!
You are too injured to fight recklessly!
You are too injured to fight recklessly!
You are too injured to fight recklessly!
You are too injured to fight recklessly!
You are too injured to fight recklessly!
Unknown command.
Okay, then.
The killer bee stings you.
* * * LOW HITPOINT WARNING * * *
The killer bee stings you.
* * * LOW HITPOINT WARNING * * *
You are poisoned.
The killer bee poisons you!
You feel sick. The killer bee stings you!
You die...

#####....
#......#
#......####
#..........
####..<...#
#.........####
#....###.#.....
#........#.###.
##.
#....####.@##
.... #.## #.y.#
..... #.
#.y.##....# #
#...y.y...#
......l##....#
##.....# .@.#
###.#.# ..#
...... ...
#.#.... ..


You could see 3 killer bees and a frilled lizard.

Vanquished Creatures
  A gnoll (D:1)
  An adder (D:2)
  An ooze (D:1)
  3 dart slugs
  A leopard gecko (D:3)
  3 orcs (D:3)
  2 giant cockroaches
  3 goblins
  8 hobgoblins
  A quokka (D:2)
  4 bats
  4 frilled lizards
  8 kobolds
  4 rats
44 creatures vanquished.

Notes
Turn   | Place    | Note
-------+----------+-------------------------------------------
     0 | D:1      | Gadfly the Hill Orc Monk began the quest for the Orb.
     0 | D:1      | Reached XP level 1. HP: 19/19 MP: 1/1
   241 | D:1      | Reached skill level 1 in Invocations
   241 | D:1      | Reached XP level 2. HP: 23/26 MP: 2/2
   295 | D:1      | Reached skill level 1 in Evocations
   353 | D:1      | Reached skill level 1 in Armour
   616 | D:1      | Reached XP level 3. HP: 22/31 MP: 4/4
  1361 | D:3      | Reached XP level 4. HP: 39/39 MP: 5/5
  1406 | D:3      | Found a shimmering blue altar of Sif Muna.
  1722 | D:3      | Found a hide-covered altar of Uskayaw.
  1722 | D:3      | Found a sacrificial altar of Ru.
  1723 | D:3      | Found an opulent altar of Gozag.
  1723 | D:3      | Found a glowing golden altar of the Shining One.
  1891 | D:4      | Noticed Sigmund
  1894 | D:4      | Slain by a killer bee

Illustrated notes

Levels and vault maps discovered:
D:1:      lightli_iron_boxes, layout_rooms, hangedman_glass_garden,
          amcnicky_mini_pool_small
D:2:      layout_rooms
D:3:      layout_rooms, grunt_temple_overflow_cloverleaf, led_sif_pool
D:4:      layout_basic, yredelemnul_altar_generic, uniq_sigmund

Skill      XL: |  1  2  3  4 |
---------------+-------------+-----
Invocations    | 1 2 |  2.3
Evocations     | 1 2 |  2.0
Armour         | 1 |  1.9
Fighting       | |  3.6
Polearms       | |  3.7
Dodging        | |  2.4
Stealth        | |  1.5

Action                   |  1- 3 |  4- 6 || total
-------------------------+-------+-------++-------
Melee: Spear             |   122 |    60 ||   182
  Use: Scroll            |     7 |     2 ||     9
       Potion            |     1 |       ||     1
 Stab: Sleeping          |     1 |       ||     1
Armor: Robe              |     1 |       ||     1
       Ring mail         |    19 |     9 ||    28
Dodge: Dodged            |    55 |    23 ||    78
